 Dungeon Crawl Stone Soup version 0.21.1-1-g345015f (webtiles) character file.

77653 Garessta the Severer (level 15, 0/141 HPs)
             Began as a Hill Orc Fighter on Feb 16, 2018.
             Was a High Priest of Beogh.
             Slain by an ancient zyme (6 damage)
             ... on level 2 of the Abyss on Feb 17, 2018.
             The game lasted 02:43:19 (23667 turns).

Garessta the Severer (Hill Orc Fighter)            Turns: 23667, Time: 02:43:19

Health: 0/141      AC: 24    Str: 29      XL:     15   Next: 57%
Magic:  24/24      EV:  8    Int:  7 (8)  God:    Beogh [*****.]
Gold:   767        SH: 21    Dex: 10      Spells: 14/14 levels left

rFire    . . .     SeeInvis .   A - +1 broad axe (flame)
rCold    . . .     Gourm    .   b - +0 large shield
rNeg     + . .     Faith    .   z - +5 scale mail of a bazaar {Slay+3}
rPois    .         Spirit   .   u - +1 helmet
rElec    .         Reflect  .   G - scarf {cloud immunity}
rCorr    .         Harm     .   F - +2 pair of gloves
MR       +....     Rnd*Rage +   q - +2 pair of boots Stlth ..........Rnd*Tele +
                                (no amulet)
HPRegen  0.00/turn              y - ring of positive energy (curse)
MPRegen  0.19/turn              v - +5 ring of strength

@: non-regenerating, diseased, hasted (expiring), very quick
A: walk on water, [berserk 2], teleportitis 1, weak 1, [no potion heal 2],
[MP-powered wands]
a: Smiting, Recall Orcish Followers, Give Item to Named Follower, Renounce
Religion


You were on level 2 of the Abyss.
You worshipped Beogh.
Beogh was extremely pleased with you.
You were not hungry.

You visited 3 branches of the dungeon, and saw 18 of its levels.
You visited the Abyss 1 time.
You also visited: Ice Cave.

You collected 1973 gold pieces.
You spent 1206 gold pieces at shops.

Inventory:

Hand Weapons
 A - a +1 broad axe of flaming (weapon)
Armour
 a - a +3 troll leather armour {Snorg}
 b - a +0 large shield (worn)
 q - a +2 pair of boots (worn)
 u - a +1 helmet (worn)
 w - +0 storm dragon scales
 z - the +5 scale mail of a bazaar (worn) {Slay+3}
   (You found it on level 6 of the Dungeon)

   It affects your accuracy and damage with ranged weapons and melee attacks
   (+3).
 E - +0 steam dragon scales
 F - a +2 pair of gloves (worn)
 G - a scarf of cloud immunity (worn)
 J - the +3 leather armour of Icsuf {rPois Str+2 Dex+4}
   (You found it on level 13 of the Dungeon)

   It affects your strength (+2).
   It affects your dexterity (+4).
   It protects you from poison.
Jewellery
 c - an uncursed ring of poison resistance
 d - an uncursed ring of resist corrosion
 h - an uncursed ring of fire
 j - an uncursed ring of flight
 v - a +5 ring of strength (right hand)
 y - a cursed ring of positive energy (left hand)
Wands
 p - a wand of paralysis (6)
 s - a wand of iceblast (4)
 x - a wand of enslavement (12)
 B - a wand of digging (11)
Scrolls
 g - a scroll of magic mapping
 k - 4 scrolls of identify
 r - 6 scrolls of remove curse
 C - a scroll of enchant armour
 H - a scroll of amnesia
 I - a scroll of fog
 K - a scroll of fear
Potions
 e - a potion of magic
 i - 2 potions of curing
 m - 3 potions of flight
 n - 3 potions of haste
 t - 3 potions of brilliance
 D - a potion of resistance
Miscellaneous
 M - a phial of floods
Comestibles
 f - 36 rations


   Skills:
 + Level 15.0 Fighting
 + Level 15.8 Axes
 + Level 13.9 Armour
 + Level 13.9 Shields
 + Level 13.2 Invocations


You had 14 spell levels left.
You didn't know any spells.

Dungeon Overview and Level Annotations

Branches:
Dungeon (15/15)            Temple (0/1) D:6            Lair (0/6) D:11
    Orc (2/2) D:10            Elf (1/3) Orc:2        Vaults (0/5) D:14
 Depths (0/5) D:15

Altars:
Ashenzari
Dithmenos
Elyvilon
Hepliaklqana
Kikubaaqudgha
Makhleb
Okawaru
Sif Muna
Trog
Zin

Shops:
D:12 %   D:15 (   Orc:2 [=}:

Portals:
Trove: D:11 (give +2 storm dragon scales)

Annotations:
D:5 Aldia's ghost, novice MfSk
D:11 treasure storm dragon +2
D:12 Nergalle
D:13 exclusion: 2 oklob plants


Innate Abilities, Weirdness & Mutations

You can walk on water.
You are occasionally teleported next to monsters.
You are weak. (Str -2)
[You often lose your temper in combat.]
[Potions are poor at restoring your health.]
[You expend magic power (3 MP) to strengthen your wands.]


Message History

An ancient zyme comes into view.
You feel yourself growing ill in the presence of the ancient zyme.
Your extra speed is starting to run out.
You slice the ufetubus!! You burn the ufetubus.
You kill the ufetubus!
Beogh accepts your kill.
You hit the ancient zyme. You burn the ancient zyme.
You feel ill.
A quasit comes into view.
The quasit gives a chilling moan.
You slash the ancient zyme! You burn the ancient zyme.
The ancient zyme is moderately damaged.
The quasit moves out of view.
You feel ill.
You slash the quasit! You burn the quasit.
The quasit is heavily wounded.
Your shield prevents you from hitting the ancient zyme.
You hit the small abomination. You burn the small abomination.
You block the ancient zyme's attack. The ancient zyme hits you.
You die...

. . ....... ###..# ..## #.
#.....#...##..##. ## #.
#... #..... . .... ##.
##.## ##..x.. ... . ##...
##...###.x##..##..#
#.....#.....#...##..## . #
............x.............
#.. ..#..x..#.... .......
##... ##x@.###..####### ##
#. ##5## ### #. #... #.
#....# . .!....# .#....#
.###...# .# ##.##


You could see 2 ancient zymes, 2 small abominations and a quasit.

Vanquished Creatures
  A tengu reaver (D:13)
  A storm dragon (D:13)
  Kirke (D:13)
  A stone giant (shapeshifter) (D:13)
  A death knight (D:15)
  Erolcha (D:12)
  3 hydras
  5 centaur warriors
  10 two-headed ogres
  3 dancing weapons (Elf:1)
  A tengu warrior (D:9)
  An ogre mage (Orc:2)
  A death yak (D:11)
  A thrashing horror (Abyss:2)
  2 deep elf knights (Elf:1)
  3 unseen horrors
  The ghost of findtopher the Cleaver, a novice MiBe of Trog (D:6)
  3 deep elf archers (Elf:1)
  A wolf spider zombie (D:12)
  4 cyclopes
  5 ugly things
  6 deep elf magi (Elf:1)
  2 manticores
  Joseph (D:7)
  A centaur zombie (D:13)
  A guardian serpent (shapeshifter) (Elf:1)
  4 centaur skeletons
  A gargoyle (D:13)
  A komodo dragon (D:8)
  2 rime drakes (IceCv)
  A komodo dragon (shapeshifter) (D:13)
  2 yaktaurs (D:14)
  5 trolls
  3 hornets
  Prince Ribbit (D:5)
  5 hippogriffs
  A dream sheep (shapeshifter) (D:14)
  3 slime creatures (D:15)
  2 vampires
  Sigmund (D:5)
  2 wraiths
  A shadow (D:11)
  A starcursed mass (Abyss:2)
  A wyvern (D:15)
  2 water elementals
  A hungry ghost (D:13)
  A basilisk (D:15)
  4 yaks
  6 vampire mosquitoes
  7 hogs (D:13)
  Eustachio (D:5)
  2 steam dragons
  A warg (Orc:1)
  A soldier ant (D:13)
  An acid dragon (D:15)
  6 orc warriors
  2 phantoms
  2 sky beasts (D:9)
  A swamp drake (D:10)
  15 ice beasts
  2 necrophages (D:11)
  An eye of draining (D:13)
  18 ogres
  24 centaurs
  2 crocodiles (D:8)
  2 big kobolds
  11 bullfrogs
  2 earth elementals (Elf:1)
  A wyvern skeleton (D:15)
  2 scorpions
  22 killer bees
  2 wights (D:11)
  3 howler monkeys
  10 crimson imps
  2 bullfrog zombies
  6 hounds
  3 jellies
  7 orc priests
  9 orc wizards
  A bullfrog skeleton (D:4)
  Terence (D:2)
  11 worker ants
  Natasha (thrice) (D:3)
  3 iguanas (D:5)
  A hell rat (D:11)
  A hound skeleton (D:4)
  Robin (D:2)
  A worker ant zombie (D:7)
  3 gnolls (D:3)
  12 adders
  2 shadow imps
  An ufetubus (Abyss:2)
  2 adder zombies (D:5)
  2 worms
  3 leopard geckos
  34 orcs
  A ball python (D:3)
  6 bats
  10 giant cockroaches
  12 goblins
  12 hobgoblins
  8 jackals
  14 kobolds
  2 quokkas
  5 frilled lizards
  10 rats
  A butterfly (D:6)
  3 fungi (D:2)
446 creatures vanquished.

Vanquished Creatures (collateral kills)
  Roxanne (D:15)
  A frost giant (D:15)
  A deep elf elementalist (Elf:1)
  A stone giant (Orc:2)
  Nessos (D:12)
  Snorg (Orc:2)
  A yaktaur captain (D:14)
  A hydra (D:12)
  9 two-headed ogres
  2 centaur warriors
  6 dancing weapons (Elf:1)
  3 ogre magi (Orc:2)
  2 death yaks (D:11)
  A tengu warrior (D:9)
  2 deep elf knights (Elf:1)
  A deep elf archer (Elf:1)
  An orc sorcerer (Orc:1)
  9 deep elf magi
  2 ugly things
  A cyclops (D:11)
  3 centaur zombies
  A yaktaur (D:15)
  A komodo dragon (D:15)
  A kobold demonologist (D:11)
  A queen bee (D:13)
  3 meliai (D:13)
  A troll (Orc:1)
  A slime creature (D:15)
  A polar bear (shapeshifter) (D:14)
  A hornet (D:11)
  A meliai zombie (D:11)
  2 hippogriffs (D:12)
  A shadow (D:14)
  A centaur simulacrum (D:15)
  3 yaks
  A hungry ghost (D:12)
  2 fire elementals (Elf:1)
  3 vampire mosquitoes (D:14)
  A soldier ant (D:11)
  5 ice beasts (D:12)
  An orc warrior (Orc:2)
  An eye of draining (D:12)
  A sky beast (D:11)
  A necrophage (D:11)
  14 ogres
  A phantom (D:11)
  A centaur (D:15)
  An earth elemental (Elf:1)
  A wyvern zombie (D:12)
  2 bullfrogs
  A wyvern skeleton (D:15)
  15 killer bees
  A wight (D:11)
  A howler monkey (D:12)
  A quasit (D:11)
  2 bullfrog zombies
  2 hounds (D:13)
  2 orc priests
  A bullfrog skeleton (D:10)
  2 orc wizards (D:10)
  A worker ant (D:12)
  A hell rat (D:11)
  An adder (D:12)
  5 orcs
  2 quokkas
  A rat (D:11)
144 creatures vanquished.

Vanquished Creatures (others)
  10 orc knights
  Nergalle (D:12)
  6 orc warriors
  An orc sorcerer (Orc:2)
  A shadow (D:15)
  A killer bee (D:13)
  8 orc priests
  8 orc wizards
  22 orcs
  2 plants (D:13)
60 creatures vanquished.

Grand Total: 650 creatures vanquished

Notes
Turn   | Place    | Note
-------+----------+-------------------------------------------
     0 | D:1      | Garessta the Hill Orc Fighter began the quest for the Orb.
     0 | D:1      | Reached XP level 1. HP: 19/19 MP: 1/1
   127 | D:1      | Reached XP level 2. HP: 27/27 MP: 2/2
   652 | D:2      | Reached XP level 3. HP: 30/33 MP: 3/3
   773 | D:2      | Noticed Robin
   781 | D:2      | Killed Robin
   813 | D:2      | Reached XP level 4. HP: 36/40 MP: 4/4
   849 | D:2      | Noticed Terence
   859 | D:2      | Killed Terence
  1486 | D:3      | Noticed Natasha
  1493 | D:3      | Killed Natasha
  1493 | D:3      | Reached XP level 5. HP: 43/47 MP: 5/5
  1528 | D:3      | Noticed Natasha
  1539 | D:3      | Killed Natasha
  1607 | D:3      | Noticed Natasha
  1615 | D:3      | Killed Natasha
  2026 | D:3      | Reached skill level 5 in Fighting
  2026 | D:3      | Reached XP level 6. HP: 56/56 MP: 6/6
  2304 | D:4      | Became a worshipper of Beogh the Brigand
  2636 | D:4      | Reached skill level 5 in Axes
  2647 | D:4      | Reached skill level 5 in Armour
  2647 | D:4      | Reached skill level 5 in Shields
  2740 | D:4      | Found a glowing silver altar of Zin.
  2908 | D:4      | Found a hazy altar of Hepliaklqana.
  2923 | D:4      | Noticed a moth of wrath
  2925 | D:4      | Found a bloodstained altar of Trog.
  3051 | D:5      | Entered Level 5 of the Dungeon
  3051 | D:5      | Noticed Sigmund
  3078 | D:5      | Killed Sigmund
  3078 | D:5      | Reached XP level 7. HP: 25/62 MP: 7/7
  3501 | D:5      | Noticed Aldia's ghost (novice MfSk)
  3539 | D:5      | Noticed Eustachio
  4158 | D:5      | Reached XP level 8. HP: 58/71 MP: 8/8
  4178 | D:5      | Reached * piety under Beogh
  4180 | D:5      | Found a shattered altar of Ashenzari.
  4830 | D:6      | Noticed findtopher's ghost (novice MiBe)
  4867 | D:5      | Killed Eustachio
  4951 | D:6      | Got a faintly glowing scale mail
  4962 | D:6      | Identified the +5 scale mail of a bazaar {Slay+3} (You found it on level 6 of the Dungeon)
  5166 | D:6      | Noticed Prince Ribbit
  5194 | D:5      | Killed Prince Ribbit
  5291 | D:6      | Found a white marble altar of Elyvilon.
  5485 | D:6      | Reached XP level 9. HP: 79/79 MP: 9/9
  5520 | D:6      | Killed findtopher's ghost
  5653 | D:6      | Found a staircase to the Ecumenical Temple.
  5725 | D:6      | Found a burning altar of Makhleb.
  6225 | D:7      | Noticed Joseph
  6252 | D:7      | Killed Joseph
  6351 | D:7      | Found an iron altar of Okawaru.
  6511 | D:7      | Reached ** piety under Beogh
  6989 | D:8      | Reached XP level 10. HP: 88/91 MP: 10/10
  7128 | D:8      | Got an ancient scale mail
  7139 | D:8      | Identified the cursed +0 scale mail "Unlulag" {Str+7} (You found it on level 8 of the Dungeon)
  7253 | D:8      | Noticed a two-headed ogre
  7260 | D:8      | Killed a two-headed ogre
  7260 | D:8      | Reached skill level 10 in Axes
  7793 | D:9      | Found an ancient bone altar of Kikubaaqudgha.
  7845 | D:9      | Reached skill level 1 in Invocations
  8056 | D:9      | Noticed a tengu warrior
  8059 | D:9      | Noticed a tengu warrior
  8201 | D:9      | Reached skill level 10 in Fighting
  8248 | D:9      | Reached *** piety under Beogh
  8781 | D:9      | Killed a tengu warrior
  8798 | D:9      | Killed a tengu warrior
  8798 | D:9      | Reached XP level 11. HP: 64/101 MP: 12/14
  8983 | D:10     | Entered Level 10 of the Dungeon
  9316 | D:10     | Noticed a two-headed ogre
  9326 | D:10     | Killed a two-headed ogre
  9706 | D:10     | Found a staircase to the Orcish Mines.
  9826 | D:11     | Noticed a death yak
  9826 | D:11     | Noticed a death yak
  9895 | D:11     | Reached skill level 5 in Invocations
  9964 | D:11     | Reached skill level 10 in Armour
  9964 | D:11     | Reached skill level 10 in Shields
 10268 | D:11     | Noticed a cyclops
 10276 | D:11     | Noticed a green ugly thing
 10277 | D:11     | Killed a cyclops
 10283 | D:11     | Killed a green ugly thing
 10401 | D:11     | Noticed a seven-headed hydra
 10405 | D:11     | Killed a seven-headed hydra
 10522 | D:11     | Found a staircase to the Lair.
 10523 | D:11     | Noticed a death yak
 10532 | D:11     | Killed a death yak
 10552 | D:11     | Killed a death yak
 10556 | D:11     | Killed a death yak
 10811 | D:11     | Reached XP level 12. HP: 106/110 MP: 16/16
 11044 | D:11     | Found a portal to a secret trove of treasure.
 11321 | D:12     | Noticed Erolcha
 11403 | D:12     | Found Opnainis's Food Emporium.
 11522 | D:12     | Noticed Nessos
 11528 | D:12     | Killed Nessos
 11576 | D:12     | Noticed Nergalle
 11586 | D:12     | Your ally died
 11888 | D:12     | Killed Erolcha
 11936 | D:12     | Found a frozen archway.
 11957 | IceCv    | Entered an ice cave
 11965 | IceCv    | Reached **** piety under Beogh
 12787 | D:12     | Noticed an eight-headed hydra
 12797 | D:12     | Killed a ten-headed hydra
 13215 | D:13     | Gained Olfrun as an ally
 13322 | D:13     | Noticed a storm dragon
 13364 | D:13     | Your ally Olfrun died
 13365 | D:13     | Noticed a tengu reaver
 13374 | D:13     | Killed a tengu reaver
 13374 | D:13     | Reached XP level 13. HP: 91/119 MP: 19/19
 13499 | D:13     | Gained Oreg as an ally
 13564 | D:13     | Killed a storm dragon
 13594 | D:13     | Paralysed by a hornet for 2 turns
 13600 | D:13     | Your ally Oreg died
 14040 | D:13     | Reached ***** piety under Beogh
 14493 | D:13     | Noticed a stone giant
 14510 | D:13     | Noticed a dire elephant
 14510 | D:13     | a stone giant changed into a dire elephant
 14525 | D:13     | Noticed a stone giant
 14539 | D:13     | Noticed a quicksilver dragon
 14539 | D:13     | a stone giant changed into a quicksilver dragon
 14540 | D:13     | Noticed a stone giant
 14540 | D:13     | a quicksilver dragon changed into a stone giant
 14547 | D:13     | Killed a stone giant
 14547 | D:13     | Reached skill level 10 in Invocations
 14725 | D:13     | Noticed Kirke
 15272 | D:13     | Killed Kirke
 15517 | D:13     | Got a slimy leather armour
 16197 | D:14     | Reached XP level 14. HP: 129/129 MP: 22/22
 16594 | D:14     | Gained Bogdan as an ally
 16741 | D:14     | Gained Oruk as an ally
 16786 | D:14     | Found a gate to the Vaults.
 16971 | D:15     | Entered Level 15 of the Dungeon
 16971 | D:15     | Found Galeocoe's Antique Weapon Shop.
 17119 | D:15     | Bought a jewelled battleaxe for 322 gold pieces
 17119 | D:15     | Identified the +11 battleaxe of the Soothsayer {venom, rF+ rN+} (You bought it in a shop on level 15 of the Dungeon)
 17299 | D:15     | Noticed Roxanne
 17314 | D:15     | Killed Roxanne
 17687 | D:15     | Found a staircase to the Depths.
 17687 | D:15     | Noticed a frost giant
 17695 | D:15     | HP: 6/130 [frost giant/bolt of cold (27)]
 17696 | D:15     | Killed a frost giant
 18225 | D:15     | Your ally Bogdan died
 18245 | D:15     | Your ally Oruk died
 18942 | D:15     | Identified the +3 leather armour of Icsuf {rPois Str+2 Dex+4} (You found it on level 13 of the Dungeon)
 18992 | D:15     | Found a shadowy altar of Dithmenos.
 19421 | Orc:1    | Entered Level 1 of the Orcish Mines
 19689 | Orc:1    | Noticed Urug
 20002 | Orc:2    | Entered Level 2 of the Orcish Mines
 20356 | Orc:2    | Found a staircase to the Elven Halls.
 20379 | Orc:2    | Noticed a stone giant
 20384 | Orc:2    | Noticed Snorg
 20384 | Orc:2    | Paralysed by an ogre mage for 5 turns
 20391 | Orc:2    | Killed a stone giant
 20391 | Orc:2    | Gained Grimold as an ally
 20391 | Orc:2    | Reached skill level 15 in Axes
 20778 | Orc:2    | Your ally Grimold died
 21166 | Orc:2    | Reached XP level 15. HP: 108/139 MP: 24/24
 21182 | Orc:2    | Killed Snorg
 21560 | Orc:2    | Found Eklidghao's Armour Boutique.
 21567 | Orc:2    | Found Jest's Gadget Emporium.
 21706 | Orc:2    | Found Uxkoudwo's Jewellery Emporium.
 21707 | Orc:2    | Found Boskyl's Book Shop.
 21720 | Orc:2    | Bought a +0 large shield for 72 gold pieces
 21732 | Orc:2    | Bought an uncursed ring of poison resistance for 260 gold pieces
 21732 | Orc:2    | Bought an uncursed ring of fire for 325 gold pieces
 21732 | Orc:2    | Bought an uncursed ring of flight for 227 gold pieces
 22024 | Elf:1    | Entered Level 1 of the Elven Halls
 22026 | Elf:1    | Noticed a deep elf elementalist
 22034 | Elf:1    | Killed a deep elf elementalist
 22420 | Elf:1    | Reached ****** piety under Beogh
 22601 | Elf:1    | Found a deep blue altar of Sif Muna.
 23462 | Elf:1    | Reached skill level 15 in Fighting
 23466 | Elf:1    | Cast into level 2 of the Abyss (a deep elf demonologist)
 23558 | Abyss:2  | Paralysed by accursed screaming for 1 turns
 23588 | Abyss:2  | Noticed a bone dragon
 23608 | Abyss:2  | Gained mutation: You are weak. (Str -2) [a neqoxec]
 23609 | Abyss:2  | Paralysed by accursed screaming for 1 turns
 23610 | Abyss:2  | Gained mutation: You are occasionally teleported next to monsters. [a neqoxec]
 23620 | Abyss:2  | HP: 7/141 [starcursed mass/accursed screaming (12)]
 23624 | Abyss:2  | HP: 2/141 [starcursed mass/accursed screaming (6)]
 23631 | Abyss:2  | HP: 1/141 [ancient zyme (1)]
 23667 | Abyss:2  | Slain by an ancient zyme

Skill      XL: |  1  2  3  4  5  6  7  8  9 10 11 12 13 14 15 |
---------------+----------------------------------------------+-----
Axes           | 3 4 5 6 7 9 10 11 13 14 15 | 15.8
Fighting       | 4 5 6 7 9 10 11 12 13 14 15 | 15.0
Armour         | 4 5 6 8 9 10 11 12 13 | 13.9
Shields        | 4 5 6 8 9 10 11 12 13 | 13.9
Invocations    | 4 6 9 10 12 13 | 13.2

Action                   |  1- 3 |  4- 6 |  7- 9 | 10-12 | 13-15 || total
-------------------------+-------+-------+-------+-------+-------++-------
Melee: War axe           |   126 |   205 |   387 |   506 |   555 ||  1779
       Unarmed           |       |       |       |       |     4 ||     4
       Broad axe         |       |       |       |       |   180 ||   180
Invok: Convert to Beogh  |       |     1 |       |       |       ||     1
       Smiting           |       |       |       |     8 |     8 ||    16
       Recall Orcish Fol |       |       |       |     1 |    12 ||    13
       Give Item to Name |       |       |       |       |     3 ||     3
       Resurrection      |       |       |       |       |     1 ||     1
Evoke: Wand              |       |       |     5 |     7 |       ||    12
  Use: Scroll            |     5 |     4 |    13 |     7 |    11 ||    40
       Potion            |       |       |     3 |     1 |     9 ||    13
 Stab: Distracted        |       |       |       |     4 |     2 ||     6
  Eat: Chunk             |       |     7 |     6 |    19 |    22 ||    54
       Ration            |       |       |     2 |     1 |     4 ||     7
Armor: Chain mail        |    65 |    85 |    67 |       |       ||   217
       Scale mail        |     9 |       |    69 |   230 |   354 ||   662
Dodge: Dodged            |    23 |    52 |   107 |   139 |   204 ||   525
Block: Shield            |    62 |   104 |   204 |   353 |   471 ||  1194
       Large shield      |       |       |       |       |    98 ||    98
